 Dungeon Crawl Stone Soup version 0.27-a0-1281-ge233d83751 (webtiles) character file.

Game seed: 16551562588159815180

2069 Delamore the Spear-Bearer (level 9, -2/68 HPs)
             Began as a Formicid Fighter on June 14, 2021.
             Was a Follower of Qazlal.
             Shot with a bolt by an orc warrior (5 damage)
             ... in a bailey.
             The game lasted 00:07:10 (6313 turns).

Delamore the Spear-Bearer (Formicid Fighter)        Turns: 6313, Time: 00:07:10

Health: -2/68      AC: 23    Str: 29 (31) XL:     9   Next: 50%
Magic:  9/9        EV:  3    Int:  5 (7)  God:    Qazlal [*.....]
Gold:   332        SH: 11    Dex: 10      Spells: 8/8 levels left

rFire    + . .     SeeInvis +   a - +3 trident (vamp)
rCold    + . .     Faith    .   c - +0 kite shield
rNeg     . . .     Spirit   .   s - +9 scales of the Dragon King {rPois rF+ rC+ Will+}
rPois    +         Reflect  .   (helmet unavailable)
rElec    .         Harm     .   (no cloak)
rCorr    .         Rampage  .   k - +0 pair of gloves
Will     +....                  (no boots)
Stlth    ..........             (no amulet)
HPRegen  0.21/turn              g - +4 ring of slaying
MPRegen  0.11/turn              r - +6 ring of strength

@: no status effects
A: permanent stasis, dig shafts and tunnels, antennae 3, four strong arms,
deterioration 1, mutation resistance 1
a: Dig, Renounce Religion


You were in a bailey.
You worshipped Qazlal.
Qazlal was aware of your devotion.
You visited 2 branches of the dungeon, and saw 8 of its levels.
You also visited: Sewer and Bailey.

You collected 332 gold pieces.

Inventory:

Hand Weapons
 a - a +3 vampiric trident (weapon)
 n - the +8 whip "Mubani Qozi" {venom, rPois Will++}
   (You found it on level 5 of the Dungeon)

   It poisons the flesh of those it strikes.
   It protects you from poison.
   It greatly increases your willpower.
Missiles
 e - 4 javelins
 l - 4 boomerangs
 t - 2 curare-tipped darts
Armour
 b - a +0 scale mail
 c - a +0 kite shield (worn)
 k - a +0 pair of gloves (worn)
 s - the +9 scales of the Dragon King (worn) {rPois rF+ rC+ Will+}
   (You found it on level 5 of the Dungeon)

   It protects you from fire.
   It protects you from cold.
   It protects you from poison.
   It increases your willpower.
Jewellery
 g - a +4 ring of slaying (left hand)
 r - a +6 ring of strength (right hand)
Scrolls
 i - 2 scrolls of silence
 o - a scroll of noise
Potions
 d - a potion of might
 f - 2 potions of lignification
 h - 3 potions of curing
 j - a potion of mutation
 m - a potion of ambrosia
 p - 2 potions of degeneration
 q - 4 potions of flight
 u - 2 potions of heal wounds {unknown}
 v - a potion of attraction {unknown}


   Skills:
 - Level 5.0 Fighting
 * Level 11.4 Polearms
 - Level 3.2 Armour
 + Level 3.6 Shields


You had 8 spell levels left.
You didn't know any spells.
Your spell library contained the following spells:

 Spells                   Type           Power      Damage    Failure   Level
 Beastly Appendage        Tmut           0%         N/A       100%        1
 Wereblood                Tmut           0%         N/A       100%        2
 Confusing Touch          Hex            0%         N/A       100%        3
 Gell's Gravitas          Tloc           0%         N/A       100%        3
 Spider Form              Tmut/Pois      0%         N/A       100%        3
 Ice Form                 Ice/Tmut       0%         N/A       100%        4
 Petrify                  Tmut/Erth      0%         N/A       100%        4
 Metabolic Englaciation   Hex/Ice        0%         N/A       100%        5
 Yara's Violent Unravell  Hex/Tmut       0%         3d3       100%        5


Dungeon Overview and Level Annotations

Branches:
Dungeon (7/15)             Temple (1/1) D:4           Sewer (visited)
 Bailey (1/1)

Altars:
Ashenzari
Cheibriados
Elyvilon
Fedhas
Gozag
Kikubaaqudgha
Makhleb
Nemelex Xobeh
Okawaru
Qazlal
Ru
Vehumet
Wu Jian
Xom
Yredelemnul
Zin
The Shining One

Annotations:
D:6 2 transporters


Innate Abilities, Weirdness & Mutations

You cannot be hasted, slowed, berserked, paralysed or teleported.
You can dig through walls and to a lower floor.
You have a pair of large antennae on your head. (SInv)
Your four strong arms can wield two-handed weapons with a shield.
Your body sometimes deteriorates upon taking damage.
You are somewhat resistant to further mutation.


Message History

An orc comes into view. It is wielding a +0 arbalest.
The orc warrior shoots a bolt.
You block the bolt.
Found a gate leading back out of this place.
An orc warrior comes into view. It is wielding a +0 arbalest.
The orc warrior shouts!
The orc warrior shoots a bolt.
You block the bolt.
The orc warrior shoots a bolt.
The bolt hits you!!
Your body deteriorates!
You feel dopey.
The orc warrior disappears!
The orc warrior moves out of view.
The orc warrior shoots a bolt.
The bolt hits you!
The orc warrior shoots a bolt.
The bolt hits you.
The orc warrior shoots a bolt.
You block the bolt.
The orc warrior shoots a bolt.
You block the bolt.
The orc warrior shoots a bolt.
You block the bolt.
The orc warrior shoots a bolt.
You block the bolt.
You start resting.
You sense a monster nearby.
The orc warrior shoots a bolt.
The bolt hits you.
The orc warrior shoots a bolt.
The bolt hits you!
The orc shoots a bolt.
You block the bolt.
The orc warrior shoots a bolt.
The bolt hits you.
* * * LOW HITPOINT WARNING * * *
The orc shoots a bolt.
The bolt hits you but does no damage.
The orc warrior shoots a bolt.
The bolt hits you!!
* * * LOW HITPOINT WARNING * * *
Your body deteriorates!
You feel weakened.
Reach: a) +3 trident (vamp)
Press: ? - help, Dir - move target, f - orc
Aim: an orc, wielding a +0 arbalest, wearing a +0 ring mail and quivering bolts (about 27% to evade your +3 vampiric trident)
You reach to attack!
You hit the orc but do no damage.
The orc shoots a bolt.
The bolt completely misses you.
The orc warrior shoots a bolt.
You block the bolt.
Reach: a) +3 trident (vamp)
Press: ? - help, Dir - move target, f/p - orc
Aim: an orc, wielding a +0 arbalest, wearing a +0 ring mail and quivering bolts (about 27% to evade your +3 vampiric trident)
You reach to attack!
You puncture the orc!
You feel better.
You kill the orc!
Qazlal accepts your kill.
The orc warrior shoots a bolt.
The bolt hits you.
You die...

..≈≈#o#.≈....#
#.......≈≈≈≈≈.....#
#.................#
#.................#
#.............#
#.............#
#...........)o# { {
#.............# {
#...........○@# { {
#.............##
#..............# {
#..............##
#......)........##
#.......≈≈≈≈≈....###
#......≈≈#.#.≈......#
#......≈##.∩#≈.......
#......≈).^..≈.........


You could see an orc warrior.

Vanquished Creatures
  Eustachio (D:6)
  A steam dragon (D:7)
  An orc warrior (Bailey)
  An ice beast (D:4)
  A sky beast (D:6)
  A necrophage (D:6)
  A boggart (D:5)
  3 ogres
  2 phantoms
  Blork the orc (D:6)
  2 kobold brigands
  A scorpion (D:7)
  2 gnoll sergeants (D:6)
  A water moccasin skeleton (D:7)
  7 hounds
  2 bullfrog skeletons (D:5)
  A centaur skeleton (D:5)
  13 gnolls
  3 adders
  4 river rats (Sewer)
  3 adder skeletons (D:4)
  2 worms
  A dart slug (D:4)
  13 orcs
  8 endoplasms
  5 giant cockroaches
  6 goblins
  7 hobgoblins
  14 jackals
  10 kobolds
  5 quokkas
  11 ball pythons
  5 bats
  5 frilled lizards
  9 rats
153 creatures vanquished.

Vanquished Creatures (others)
  An orc priest (D:7)
  An orc (D:7)
  A goblin (D:7)
3 creatures vanquished.

Grand Total: 156 creatures vanquished

Notes
Turn   | Place    | Note
-------+----------+-------------------------------------------
     0 | D:1      | Delamore the Formicid Fighter began the quest for the Orb.
     0 | D:1      | Reached XP level 1. HP: 18/18 MP: 1/1
   184 | D:1      | Reached XP level 2. HP: 24/24 MP: 2/2
   459 | D:1      | Found a faded altar of an unknown god.
   467 | D:1      | Became a worshipper of Xom of Chaos
   471 | D:1      | XOM: divination: magic mapping
   475 | D:1      | Reached XP level 3. HP: 30/30 MP: 3/3
   632 | D:1      | Reached skill level 3 in Polearms
  1000 | D:1      | XOM: divination: detect items
  1084 | D:1      | XOM: silly message
  1302 | D:2      | XOM: cast spell 'Olgreb's Toxic Radiance'
  1304 | D:2      | Reached XP level 4. HP: 28/37 MP: 4/4
  1672 | D:2      | XOM: silly message
  1710 | D:2      | XOM: silly message
  2220 | D:3      | Noticed an ogre
  2224 | D:3      | Killed an ogre
  2225 | D:3      | Reached skill level 4 in Polearms
  2225 | D:3      | Reached XP level 5. HP: 43/43 MP: 5/5
  2317 | D:3      | XOM: divination: magic mapping
  2391 | D:3      | XOM: silly message
  2576 | D:3      | XOM: give mutations
  2576 | D:3      | Gained mutation: You are somewhat resistant to further
                  | mutation. [Xom's mischief]
  2576 | D:3      | Gained mutation: Your body sometimes deteriorates upon
                  | taking damage. [Xom's mischief]
  2992 | D:4      | XOM: confuse monster(s)
  2996 | D:4      | Reached skill level 5 in Polearms
  2996 | D:4      | Reached XP level 6. HP: 49/49 MP: 6/6
  3035 | D:4      | Noticed an ice beast
  3040 | D:4      | XOM: noise
  3048 | D:4      | XOM: confusion (+ monsters)
  3072 | D:4      | Killed an ice beast
  3073 | D:4      | Reached skill level 5 in Fighting
  3151 | D:4      | XOM: give mutations
  3151 | D:4      | Gained mutation: You are frail. (-10% HP) [Xom's mischief]
  3151 | D:4      | Lost mutation: You are frail. (-10% HP) [Xom's mischief]
  3176 | D:4      | XOM: god gift: scroll labelled GETA TUUCKO {god gift}
  3204 | D:4      | Found a blossoming altar of Fedhas.
  3411 | D:4      | Reached skill level 6 in Polearms
  3411 | D:4      | Reached XP level 7. HP: 36/56 MP: 7/7
  3559 | D:4      | Found a broken altar of Ashenzari.
  3566 | D:4      | Found a staircase to the Ecumenical Temple.
  3759 | D:5      | Entered Level 5 of the Dungeon
  3779 | D:5      | XOM: polymorph ogre -> boggart
  4028 | D:5      | Reached skill level 7 in Polearms
  4081 | D:5      | XOM: summons 1 hostile demon
  4209 | D:5      | Identified the +8 whip "Mubani Qozi" {venom, rPois Will++}
  4222 | D:5      | Reached XP level 8. HP: 62/62 MP: 8/8
  4271 | D:5      | Found the +9 scales of the Dragon King {rPois rF+ rC+
                  | Will+}
  4665 | D:5      | Reached skill level 8 in Polearms
  4974 | D:6      | Noticed Blork the orc
  4975 | D:6      | Found an ornate altar of the Wu Jian Council.
  4978 | D:6      | Noticed a troll
  5024 | D:6      | Found a glowing drain.
  5037 | Sewer    | Entered a sewer
  5100 | Sewer    | XOM: confuse monster(s)
  5129 | Sewer    | Found a glowing silver altar of Zin.
  5186 | D:6      | XOM: summons 2 hostile shadow creatures
  5265 | Temple   | Entered the Ecumenical Temple
  5409 | Temple   | Fell from the grace of Xom
  5409 | Temple   | Became a worshipper of Qazlal Stormbringer
  5487 | D:6      | Reached skill level 9 in Polearms
  5521 | D:6      | Found a transporter.
  5528 | D:6      | Noticed a kobold demonologist
  5539 | D:6      | Noticed a kobold demonologist
  5559 | D:6      | Found a transporter.
  5607 | D:6      | Found an opulent altar of Gozag.
  5667 | D:6      | Found a snail-covered altar of Cheibriados.
  5667 | D:6      | Found a radiant altar of Vehumet.
  5670 | D:6      | Found a glowing golden altar of the Shining One.
  5704 | D:6      | Reached skill level 10 in Polearms
  5704 | D:6      | Reached XP level 9. HP: 64/68 MP: 9/9
  5728 | D:6      | Killed Blork the orc
  5794 | D:6      | Noticed Eustachio
  5810 | D:6      | Killed Eustachio
  5971 | D:7      | Reached * piety under Qazlal
  5977 | D:7      | Reached skill level 11 in Polearms
  5993 | D:7      | Found a flagged portal.
  6008 | Bailey   | Entered a bailey
  6311 | Bailey   | HP: 1/68 [orc warrior/bolt (18)]
  6313 | Bailey   | Shot with a bolt by an orc warrior

Illustrated notes

Levels and vault maps discovered:
D:1:      sevenhm_arrival_forest_fort_large_1, layout_loops_cross,
          ebering_ecumenical_altar_petrified
D:2:      minmay_evil_eye, layout_basic, feat_on_display
D:3:      layout_basic, minmay_misc_feat_doors
D:4:      layout_rooms, old_standard_altar, ashenzari_altar_1,
          minmay_temple_entry_glass, hangedman_decor_peaks_small, hex_tiny,
          st_stairs_2
D:5:      layout_layer_cave, hangedman_decor_push
D:6:      gammafunk_wand_slinger, layout_cave_pools, lemuel_tele_altar,
          grunt_gozag_breadcrumbs, gammafunk_temple_overflow_forgotten,
          serial_gnoll_camp, gnoll_camp_mini_hut, gnoll_camp_mini_hut,
          gnoll_camp_mini_doghouse, gnoll_camp_mini_basic, portal_sewer_entry_f,
          item_on_display_a, uniq_eustachio, uniq_blork_the_orc
D:7:      layout_cave_pools, enter_bailey_5
Temple:   nicolae_temple_figure_zero
Bailey:   bailey_polearm_2, bailey

Skill      XL: |  1  2  3  4  5  6  7  8  9 |
---------------+----------------------------+-----
Polearms       | 3 4 5 6 7 10 11 | 11.4
Fighting       | 4 5 |  5.0
Armour         | |  3.2
Shields        | |  3.6

Action                   |  1- 3 |  4- 6 |  7- 9 || total
-------------------------+-------+-------+-------++-------
Melee: Trident           |   107 |   134 |   217 ||   458
 Abil: Dig               |     2 |     1 |       ||     3
  Use: Scroll            |       |     8 |     8 ||    16
 Stab: Confused          |       |       |     1 ||     1
Armor: Scale mail        |    46 |    34 |     4 ||    84
       Gold dragon scale |       |       |   160 ||   160
Dodge: Dodged            |    44 |    32 |    33 ||   109
Block: Kite shield       |    63 |    45 |   113 ||   221

Table legend: (Time is in decaauts)
 A = Elapsed time spent in this place.
 B = Non-inter-level travel time spent in this place.
 C = Inter-level travel time spent in this place.
 D = Time resting spent in this place.
 E = Time spent auto-exploring this place.
 F = Levels seen in this place.
 G = Mean time per level.
                   A        B        C        D        E       F      G
               +--------+--------+--------+--------+--------+-----+--------+
         Total |   6424 |   6078 |    346 |    378 |   4638 |  10 |  642.4 |
       Dungeon |   5805 |   5484 |    321 |    175 |   4373 |   7 |  829.3 |
        Temple |    153 |    129 |     24 |      0 |    127 |   1 |  153.0 |
         Sewer |    162 |    162 |      0 |      0 |    116 |   1 |  162.0 |
        Bailey |    303 |    303 |      0 |    203 |     21 |   1 |  303.0 |
               +--------+--------+--------+--------+--------+-----+--------+

Top non-repeatable levels by time:
     D:1: 1283 daAuts
     D:5: 1233 daAuts
     D:2: 986 daAuts
     D:4: 862 daAuts
     D:3: 744 daAuts
     D:6: 628 daAuts
  Bailey: 303 daAuts
   Sewer: 162 daAuts
  Temple: 153 daAuts
     D:7: 65 daAuts
